 Dungeon Crawl Stone Soup version 0.21-a0-630-g344d351 (webtiles) character file.

11 Charly the Shield-Bearer (level 2, -1/27 HPs)
             Began as a Deep Dwarf Fighter on Dec 25, 2017.
             Killed by nerve-wracking pain
             ... invoked by Grinder
              (8 damage)
             ... on level 4 of the Dungeon.
             The game lasted 00:02:32 (157 turns).

Charly the Shield-Bearer (Deep Dwarf Fighter)        Turns: 157, Time: 00:02:33

Health: -1/27      AC:  8    Str: 24    XL:     2   Next: 17%
Magic:  2/2        EV:  7    Int:  8    God:
Gold:   0          SH:  9    Dex: 12    Spells: 1/1 levels left

rFire    . . .     SeeInvis .   a - +0 war axe
rCold    . . .     Gourm    .   c - +0 shield
rNeg     . . .     Faith    .   b - +0 scale mail
rPois    .         Spirit   .   h - +0 helmet
rElec    .         Reflect  .   (no cloak)
rCorr    .         Harm     .   (no gloves)
MR       .....                  (no boots)
Stlth    ..........             (no amulet)
HPRegen  0.00/turn              (no ring)
MPRegen  0.08/turn              (no ring)

@: mighty, non-regenerating
A: damage resistance, heal wounds, sense surroundings 1, no regeneration
a: Heal Wounds


You were on level 4 of the Dungeon.
You were not hungry.

You visited 1 branch of the dungeon, and saw 4 of its levels.

Inventory:

Hand Weapons
 a - a +0 war axe (weapon)
Armour
 b - a +0 scale mail (worn)
 c - a +0 shield (worn)
 h - a +0 helmet (worn)
Scrolls
 e - a scroll of identify {unknown}
 g - a scroll of fear {unknown}
Potions
 d - a potion of might
Comestibles
 f - a ration


   Skills:
 + Level 2.9 Fighting
 * Level 2.9 Axes
 - Level 3.2 Armour
 - Level 3.2 Shields


You had one spell level left.
You didn't know any spells.

Dungeon Overview and Level Annotations

Branches:
Dungeon (4/15)
 Temple: D:4-7

Altars:

Annotations:
D:4 Grinder


Innate Abilities, Weirdness & Mutations

You are resistant to damage.
You can heal yourself by infusing magical energy.
You passively map a small area around you.
You do not regenerate.


Message History

You slash Grinder!
Grinder is moderately wounded.
Grinder barely misses you. Grinder gestures at you.
You resist with significant effort.
You closely miss Grinder.
Grinder is moderately wounded.
You block Grinder's attack.
You completely miss Grinder.
Grinder is moderately wounded.
Grinder gestures at you.
You barely resist. You block Grinder's attack.
You slash Grinder!
Grinder is heavily wounded.
Grinder hits you but does no damage.
You slash Grinder!
Grinder is almost dead.
Grinder gestures at you. Pain shoots through your body!
You die...

##......# ###..#*
#.......# ##....#
*
#......#####.....#
##...<...........#
#...#####.......#
#..## ##......#
#### #......#
#.....## ,
##..@..# #..5.(#
#.....# * ##....#
#..... #.....#
#.....# ##...## *
,


You could see Grinder.

Vanquished Creatures
  A dart slug (D:1)
  A bat (D:1)
  A giant cockroach (D:1)
  3 hobgoblins
  A frilled lizard (D:1)
  2 rats (D:1)
9 creatures vanquished.

Notes
Turn   | Place    | Note
-------+----------+-------------------------------------------
     0 | D:1      | Charly the Deep Dwarf Fighter began the quest for the Orb.
     0 | D:1      | Reached XP level 1. HP: 20/20 MP: 1/1
    45 | D:1      | Reached XP level 2. HP: 27/27 MP: 2/2
   132 | D:4      | Noticed Grinder
   136 | D:4      | Paralysed by Grinder for 7 turns
   149 | D:4      | Paralysed by Grinder for 3 turns
   157 | D:4      | Killed from afar by Grinder

Vault maps used:
D:1:      saegor_arrival_simple_e
D:2:      minmay_misc_feat_hallway, kennysheep_slug_shrine
D:3:      grunt_qazlal_clouds
D:4:      vehumet_crystals, kennysheep_little_box, first_ration, uniq_grinder,
          uniq_blork_the_orc

Action                   || total
-------------------------++-------
Melee: War axe           ||    23
 Abil: Heal Wounds       ||     1
  Use: Potion            ||     1
Armor: Scale mail        ||    39
Dodge: Dodged            ||    22
Block: Shield            ||    42

Table legend:
 A = Spawn XP
 B = Non-spawn XP
 C = Spawn XP percentage of total XP
 D = Spawn monster count
 E = Non-spawn monster count
 F = Spawn count percentage of total count
 G = Total turns spent on level
                    A         B        C        D         E        F      G
               +---------+---------+-------+---------+---------+-------+---------
         Total |       0 |      17 |   0.0 |       0 |       9 |   0.0 |   157
               +---------+---------+-------+---------+---------+-------+---------
           D:1 |       0 |      15 |   0.0 |       0 |       8 |   0.0 |    67
           D:3 |       0 |       2 |   0.0 |       0 |       1 |   0.0 |    22
               +---------+---------+-------+---------+---------+-------+---------
